 Dungeon Crawl Stone Soup version 0.31-a0-188-g5e087ee2ca (webtiles) character file.

Game seed: 7807717383389765725

723 IdlyInterested the Cutter (level 7, -3/52 HPs)
             Began as a Demonspawn Fighter on June 23, 2023.
             Slain by an orc warrior
             ... wielding a +0 trident
              (4 damage)
             ... on level 5 of the Dungeon.
             The game lasted 00:14:27 (4690 turns).

IdlyInterested the Cutter (Demonspawn Fighter)      Turns: 4690, Time: 00:14:28

Health: -3/52      AC:  2    Str: 19    XL:     7   Next: 43%
Magic:  11/11      EV:  7    Int: 11    God:
Gold:   54         SH:  5    Dex: 13    Spells: 12/12 levels left

rFire   . . .        J - +10 war axe of Dust {elec, Str+3}
rCold   . . .        (no shield)
rNeg    . . .        n - +0 chain mail
rPois   .            (no helmet)
rElec   .            y - +0 cloak
rCorr   .            (no gloves)
SInv    .            (no boots)
Will    .....        E - amulet of reflection Stlth
                     (no ring)
HPRegen 0.28/turn    (no ring)
MPRegen 0.12/turn

%: reflection
@: corroded
A: hooves 1, demonic magic 2, weakness stinger 1, demonic touch 1
a: no special abilities


You were on level 5 of the Dungeon.
You visited 2 branches of the dungeon, and saw 6 of its levels.

You collected 216 gold pieces.
You spent 162 gold pieces at shops.

Inventory:

Hand Weapons
 a - a +0 long sword
 h - a +0 dagger
 i - a +0 short sword
 t - a +2 dagger of electrocution
 v - a +1 vampiric rapier
 J - the +10 war axe of Dust (weapon) {elec, Str+3}
   (You found it on level 4 of the Dungeon)

   Str:       It affects your strength (+3).
Missiles
 j - 45 stones (quivered)
 l - 6 silver javelins
 D - 5 boomerangs
 G - 6 boomerangs of dispersal
Armour
 b - a +0 scale mail
 g - a +0 leather armour
 k - a +0 robe
 n - a +0 chain mail (worn)
 y - a +0 cloak (worn)
Magical Staves
 I - a staff of conjuration
Jewellery
 m - an amulet of magic regeneration
 E - an amulet of reflection (around neck)
Scrolls
 e - 5 scrolls of silence {unknown}
 f - a scroll of enchant weapon {unknown}
 p - 7 scrolls of identify {unknown}
 q - a scroll of brand weapon {unknown}
 u - 2 scrolls of amnesia {unknown}
 x - 2 scrolls of vulnerability {unknown}
 z - 2 scrolls of noise {unknown}
 A - 2 scrolls of teleportation {unknown}
 F - 2 scrolls of enchant armour {unknown}
Potions
 c - a potion of brilliance {unknown}
 d - 2 potions of might
 o - a potion of lignification {unknown}
 r - 3 potions of enlightenment {unknown}
 s - 3 potions of curing {unknown}
 w - a potion of resistance {unknown}
 B - a potion of degeneration {unknown}
 C - 2 potions of haste {unknown}
 H - 2 potions of cancellation {unknown}
 K - a potion of berserk rage {unknown}


   Skills:
 - Level 3.1 Fighting
 * Level 5.8(6.0) Short Blades
 - Level 2.0(4.2) Long Blades
 - Level 3.0 Armour
 + Level 2.5 Stealth
 - Level 2.6 Shields
 - Level 3.0 Spellcasting


You had 12 spell levels left.
You didn't know any spells.
Your spell library was empty.

Dungeon Overview and Level Annotations

Branches:
Dungeon (5/15)             Temple (1/1) D:4

Altars:
Ashenzari
Cheibriados
Dithmenos
Fedhas
Gozag
Kikubaaqudgha
Nemelex Xobeh
Ru
Sif Muna
Uskayaw
Vehumet
Wu Jian
Xom
Yredelemnul

Shops:
D:1 (*[:   D:3 *   D:4 *


Innate Abilities, Weirdness & Mutations

You have large cloven feet.
Spells you cast may paralyse nearby enemies.
You have a small tail.
Your touch may inflict minor irresistible damage on your foes.


Message History

The orc priest is severely wounded.
You hit the orc. You slash the orc! Lightning courses through the orc!
You kill the orc!
You barely miss something. The orc hits you with a +0 short sword.
* * * LOW HITPOINT WARNING * * *
Something hits you.
* * * LOW HITPOINT WARNING * * *
The orc priest looks satisfied for a moment.
The orc warrior shoots an arrow.
You block the arrow with an invisible shield... and reflect it back!
The arrow hits the orc warrior!
You hear some strange, mumbled words.
A puff of flame appears from out of thin air!
The puff of flame misses you.
The orc priest looks satisfied for a moment.
The orc closely misses you.
You hit the orc priest. You kick the orc priest.
You kill the orc priest!
You hit the orc.
You kill the orc!
You hit something but do no damage.
Unknown command.
You completely miss the orc warrior. Your kick misses the orc warrior.
Your tail-slap misses the orc warrior.
Your touch misses the orc warrior.
The orc warrior is moderately wounded.
The orc warrior unwields a +0 orcbow.
The orc warrior wields a +0 trident.
The orc warrior hits you with a +0 trident!
* * * LOW HITPOINT WARNING * * *
You block something's attack.
You slash the orc warrior!
Lightning courses through the orc warrior!
Your kick misses the orc warrior. Your touch misses the orc warrior.
The orc warrior is almost dead.
You miss something.
The orc warrior hits you with a +0 trident.
* * * LOW HITPOINT WARNING * * *
Something hits you.
* * * LOW HITPOINT WARNING * * *
The orc warrior hits you with a +0 trident.
You die...

..(.....................
.................###...
. #.. ##........#.# #
...##.[####.........#
........#.##....#......
#...†)..[......##.#
###.#......###.# ..
...####....#.#


o.h . #.....)@#....# .#. #.....)o)...... ........=..##.# ...........# ...
............. .. ...........##. ............ . ............. You could see an
orc warrior.

Vanquished Creatures
  A black bear (D:4)
  2 phantoms
  2 scorpions
  A hound (D:4)
  A jelly (D:5)
  An orc priest (D:5)
  A sleepcap (D:5)
  3 iguanas (D:4)
  4 adders
  An ufetubus (D:5)
  2 worms (D:3)
  3 dart slugs
  13 orcs
  9 ball pythons
  10 endoplasms
  5 giant cockroaches
  8 hobgoblins
  3 jackals (D:2)
  8 kobolds
  2 quokkas
  8 bats
  3 frilled lizards
  6 goblins
  8 rats
105 creatures vanquished.

Notes
Turn   | Place    | Note
-------+----------+-------------------------------------------
     0 | D:1      | IdlyInterested the Demonspawn Fighter began the quest for
                  | the Orb.
     0 | D:1      | Reached XP level 1. HP: 18/18 MP: 1/1
   113 | D:1      | Gained mutation: Spells you cast may paralyse adjacent
                  | enemies. [demonic ancestry]
   113 | D:1      | Reached XP level 2. HP: 23/24 MP: 2/2
   254 | D:1      | Found Ywuaquci's Antique Armour Boutique.
   442 | D:1      | Found Socao's Book Shop.
   465 | D:1      | Reached skill level 1 in Short Blades
   521 | D:1      | Gained mutation: Spells you cast may paralyse nearby
                  | enemies. [demonic ancestry]
   521 | D:1      | Reached XP level 3. HP: 22/29 MP: 4/4
   776 | D:1      | Found Jarag's Weapon Emporium.
   865 | D:1      | Found Ohin's Assorted Antiques.
  1164 | D:1      | Bought a scroll labelled VAOMODUCALL for 21 gold pieces
  1309 | D:2      | Reached skill level 1 in Spellcasting
  1470 | D:2      | Found a faded altar of an unknown god.
  1671 | D:2      | Found a sacrificial altar of Ru.
  1733 | D:2      | Reached skill level 2 in Short Blades
  2088 | D:1      | Bought a scroll labelled JAOZEOR FOSCH for 21 gold pieces
  2304 | D:3      | Discovered your monstrous ancestry.
  2304 | D:3      | Gained mutation: You have large cloven feet. [demonic
                  | ancestry]
  2304 | D:3      | Reached XP level 4. HP: 35/35 MP: 6/6
  2421 | D:3      | Noticed a +0 short sword
  2421 | D:3      | Noticed a +0 spear
  2421 | D:3      | Noticed a +0 dagger
  2422 | D:3      | Noticed a +0 dagger
  2422 | D:3      | Noticed a +0 spear
  2423 | D:3      | Noticed a +0 falchion
  2423 | D:3      | Noticed a +0 falchion
  2423 | D:3      | Noticed a +0 short sword
  2428 | D:3      | Found a hide-covered altar of Uskayaw.
  2825 | D:3      | Found Wavept's Assorted Antiques.
  3113 | D:1      | Bought a blue potion for 18 gold pieces
  3113 | D:1      | Bought a yellow potion for 18 gold pieces
  3209 | D:3      | Bought a scroll labelled SAUWKU AKLOCA for 31 gold pieces
  3237 | D:4      | Reached skill level 3 in Short Blades
  3343 | D:4      | Gained mutation: Your touch may inflict minor irresistible
                  | damage on your foes. [demonic ancestry]
  3343 | D:4      | Reached XP level 5. HP: 41/41 MP: 8/8
  3417 | D:4      | Found a basalt altar of Yredelemnul.
  3451 | D:4      | Found a staircase to the Ecumenical Temple.
  3469 | Temple   | Entered the Ecumenical Temple
  3713 | D:4      | Noticed a phantom
  3733 | D:4      | Killed a phantom
  3734 | D:4      | Reached skill level 4 in Short Blades
  3734 | D:4      | Reached XP level 6. HP: 45/47 MP: 8/10
  3735 | D:4      | Found Gesos's Assorted Antiques.
  4228 | D:4      | Reached skill level 5 in Short Blades
  4228 | D:4      | Reached skill level 1 in Stealth
  4282 | D:4      | Identified the +10 war axe of Dust {elec, Str+3}
  4552 | D:4      | Bought a sedimented dark potion for 26 gold pieces
  4604 | D:3      | Bought a fizzy grey potion for 27 gold pieces
  4631 | D:5      | Entered Level 5 of the Dungeon
  4656 | D:5      | Gained mutation: You have a small tail. [demonic ancestry]
  4656 | D:5      | Reached XP level 7. HP: 52/52 MP: 11/11
  4690 | D:5      | HP: 1/52 [something (4)]
  4690 | D:5      | Slain by an orc warrior

Illustrated notes

Levels and vault maps discovered:
D:1:      ncdulo_watergridlock, layout_rooms, serial_forest,
          infiniplex_forest_end_2, infiniplex_forest_pool,
          infiniplex_forest_clump_large, infiniplex_forest_lined_2,
          infiniplex_forest_end_1, infiniplex_forest_clump_medium, serial_shops,
          shop, nicolae_shop_behind_doors, nicolae_square_shop,
          nicolae_shop_hallway_stairs, kennysheep_crisscross,
          minmay_pentomino_p4
D:2:      layout_loops_ring, ebering_ecumenical_altar_box, basic_altar
D:3:      layout_loops_cross, nicolae_uskayaw_en_pointe,
          nicolae_tso_swordbearing_angel, serial_shops, shop,
          ebering_dispersal_statue_hall, supply_closet_lemuel
D:4:      layout_loops_corners, mainiacjoe_overflow_surrounded_room,
          temple_pool_b, serial_shops,
          nicolae_shop_temple_entry_statues_fountains
D:5:      layout_cave_pools, minmay_fractal_squares_5
Temple:   dshaligram_water_room_temple

Skill      XL: |  1  2  3  4  5  6  7 |
---------------+----------------------+-----
Long Blades    | 2 |  2.0
Armour         | 3 |  3.0
Short Blades   | 1 2 3 4 5 |  5.8
Spellcasting   | 1 2 3 |  3.0
Stealth        | 1 2 |  2.5
Fighting       | |  3.1
Shields        | |  2.6

Action                     |  1- 3 |  4- 6 |  7- 9 || total
---------------------------+-------+-------+-------++-------
  Melee: Long sword        |   211 |       |       ||   211
         Dagger            |    79 |   107 |       ||   186
         Kick              |       |    27 |     1 ||    28
         Touch             |       |     6 |     1 ||     7
         War axe           |       |    12 |    15 ||    27
         Punch             |       |     1 |       ||     1
         Tailslap          |       |       |     2 ||     2
 Armour: Scale mail        |    20 |       |       ||    20
         Chain mail        |    67 |    40 |     7 ||   114
  Dodge: Dodged            |    63 |    22 |     6 ||    91
  Block: Buckler           |    38 |       |       ||    38
         Tower shield      |    21 |    50 |       ||    71
         Other             |       |     5 |     4 ||     9
         Reflection        |       |       |     1 ||     1

Table legend: (Time is in decaauts)
 A = Elapsed time spent in this place.
 B = Non-inter-level travel time spent in this place.
 C = Inter-level travel time spent in this place.
 D = Time resting spent in this place.
 E = Time spent auto-exploring this place.
 F = Levels seen in this place.
 G = Mean time per level.
                   A        B        C        D        E       F      G
               +--------+--------+--------+--------+--------+-----+--------+
         Total |   4798 |   3897 |    901 |    308 |   2264 |   6 |  799.7 |
       Dungeon |   4665 |   3786 |    879 |    308 |   2164 |   5 |  933.0 |
        Temple |    132 |    110 |     22 |      0 |    100 |   1 |  132.0 |
               +--------+--------+--------+--------+--------+-----+--------+

Top non-repeatable levels by time:
     D:1: 1476 daAuts
     D:3: 1101 daAuts
     D:4: 1070 daAuts
     D:2: 950 daAuts
  Temple: 132 daAuts
     D:5: 67 daAuts
